 Dungeon Crawl Stone Soup version 0.27-a0-1442-g87b6fcb595 (webtiles) character file.

Game seed: 16857746505309813466

2658 barkas the Covert (level 9, 0/81 HPs)
             Began as a Naga Arcane Marksman on July 4, 2021.
             Was a Follower of Fedhas.
             Slain by a centaur skeleton (3 damage)
             ... on level 7 of the Dungeon.
             The game lasted 00:15:06 (9982 turns).

barkas the Covert (Naga Arcane Marksman)            Turns: 9982, Time: 00:15:06

Health: 0/81       AC: -5    Str: 10 (12) XL:     9   Next: 62%
Magic:  11/11      EV: 10    Int: 16 (18) God:    Fedhas [*.....]
Gold:   275        SH:  0    Dex: 15 (17) Spells: 4/10 levels left

rFire    . . .     SeeInvis +   a - +1 shortbow (freeze)
rCold    . . .     Faith    .   (shield currently unavailable)
rNeg     . . .     Spirit   .   d - +0 robe
rPois    +         Reflect  .   (no helmet)
rElec    .         Harm     .   k - +0 cloak
rCorr    .         Rampage  .   i - +1 pair of gloves
Will     +....                  (no barding)
Stlth    ++++......             (no amulet)
HPRegen  0.23/turn              r - +6 ring of dexterity
MPRegen  0.12/turn              (no ring)

@: corroded, attractive, very slow
A: AC +3, large, see invisible, deformed body, poison resistance, slowness 2,
spit poison 1, naga tail 1
a: Spit Poison, Renounce Religion


You were on level 7 of the Dungeon.
You worshipped Fedhas.
Fedhas was aware of your devotion.
You visited 1 branch of the dungeon, and saw 7 of its levels.

You collected 275 gold pieces.

Inventory:

Hand Weapons
 a - a +1 shortbow of freezing (weapon)
 b - a +4 hand axe of freezing
Missiles
 c - 40 arrows (quivered ammo)
 f - 8 atropa-tipped darts
Armour
 d - a +0 robe (worn)
 i - a +1 pair of gloves (worn)
 k - a +0 cloak (worn)
Jewellery
 g - a +4 ring of protection
 o - a ring of fire
 r - a +6 ring of dexterity (left hand)
Wands
 l - a wand of polymorph (4)
 p - a wand of iceblast (13)
Scrolls
 q - 3 scrolls of amnesia
 v - a scroll of enchant weapon
 z - a scroll of identify
Potions
 j - a potion of attraction
 s - 3 potions of brilliance
 t - 2 potions of heal wounds {unknown}
 u - a potion of curing {unknown}
 w - 2 potions of lignification {unknown}
 x - a potion of ambrosia {unknown}


   Skills:
 + Level 5.2 Fighting
 * Level 7.1 Bows
 - Level 1.5 Dodging
 + Level 8.2 Stealth
 - Level 1.0 Spellcasting
 - Level 7.0 Hexes
 + Level 3.3 Invocations


You had 4 spell levels left.
You knew the following spells:

 Your Spells              Type           Power      Damage    Failure   Level
b - Slow                  Hex            23%        N/A       1%          2
c - Cause Fear            Hex            11%        N/A       13%         4

Your spell library contained the following spells:

 Spells                   Type           Power      Damage    Failure   Level
 Corona                   Hex            25%        N/A       1%          1
 Confusing Touch          Hex            23%        N/A       3%          3
 Inner Flame              Hex/Fire       12%        N/A       16%         3
 Portal Projectile        Hex/Tloc       24%        N/A       16%         3
 Animate Skeleton         Necr           0%         N/A       22%         1
 Apportation              Tloc           0%         N/A       22%         1
 Beastly Appendage        Tmut           0%         N/A       22%         1
 Magic Dart               Conj           0%         1d3       22%         1
 Summon Small Mammal      Summ           0%         N/A       22%         1
 Blink                    Tloc           N/A        N/A       34%         2
 Searing Ray              Conj           0%         3d3       34%         2
 Wereblood                Tmut           0%         N/A       34%         2
 Fulminant Prism          Conj/Hex       6%         3d7       47%         4
 Conjure Flame            Conj/Fire      0%         6-21      56%         3
 Ignite Poison            Fire/Tmut/Pois 0%         N/A       56%         3
 Lesser Beckoning         Tloc           0%         N/A       56%         3
 Spider Form              Tmut/Pois      0%         N/A       56%         3
 Vampiric Draining        Necr           0%         2d6       56%         3
 Sticky Flame             Conj/Fire      0%         2d3       92%         4
 Alistair's Intoxication  Tmut/Pois      0%         N/A       99%         5
 Borgnjor's Vile Clutch   Necr/Erth      0%         N/A       99%         5
 Manifold Assault         Tloc           0%         N/A       99%         5
 Eringya's Noxious Bog    Tmut/Pois      0%         N/A       100%        6


Dungeon Overview and Level Annotations

Branches:
Dungeon (7/15)             Temple (0/1) D:5

Altars:
Fedhas
Qazlal
Sif Muna
Trog

Annotations:
D:6 2 runed translucent doors
D:7 1 exclusion


Innate Abilities, Weirdness & Mutations

Your serpentine skin is tough. (AC +3)
You have supernaturally acute eyesight. (SInv)
Armour fits poorly on your strangely shaped body.
Your system is resistant to poisons. (rPois)
You cover ground very slowly.
You can spit poison.
You have a snake-like lower body.


Message History

Aiming: Iceblast
Press: ? - help, Shift-Dir - straight line The mass of ice explodes!
The iceblast engulfs the brown ugly thing.
The brown ugly thing is almost dead.
The brown ugly thing trunk-slaps you.
* * * LOW HITPOINT WARNING * * *
You are splashed with acid!
* * * LOW HITPOINT WARNING * * *
Unknown command.
Unknown command.
Aiming: Iceblast
Press: ? - help, Shift-Dir - straight line The mass of ice explodes!
The iceblast engulfs the brown ugly thing.
You kill the brown ugly thing!
Fedhas appreciates your contribution to the ecosystem.
Your life force feels restored.
Your Fighting skill increases to level 5!
Your Bows skill increases to level 7!
Your Stealth skill increases to level 8!
Your Invocations skill increases to level 3!
Unknown command.
Unknown command.
Okay, then.
Unknown command.
It was a potion of magic.
Magic courses through your body. The centaur skeleton barely misses you.
The centaur skeleton kicks you.
* * * LOW HITPOINT WARNING * * *
It was a potion of attraction.
You feel attractive to monsters. The centaur skeleton hits you.
* * * LOW HITPOINT WARNING * * *
The centaur skeleton barely misses you.
It was a potion of degeneration.
There was something very wrong with that liquid.
You feel weakened.
You feel dopey.
You feel clumsy. The centaur skeleton hits you.
You die...
Fedhas appreciates your contribution to the ecosystem.

♣(♣ #.. ♣♣.♣♣ ##. #♣.(.♣#
#. #..(..# ##. #♣...♣# #..
♣♣(♣♣ #.# ♣(♣ ####.#
♣♣♣♣♣Z♣♣♣♣♣ #.##.#
♣♣♣.....@...♣♣♣# #.##.#
...............#####.##†#
♣♣♣.........♣♣♣##....##.#
♣♣♣♣♣.♣♣♣♣♣ #.#####.#
########.#########.# #.#
.................#.# #.#
########.......#...#####.#
##..####.#.........#
##...## #.##.########


You could see a centaur skeleton.

Vanquished Creatures
  Pikel (D:4)
  An ugly thing (D:7)
  2 sky beasts (D:6)
  An ice beast (D:5)
  A hornet zombie (D:7)
  A necrophage (D:7)
  2 centaurs
  An ogre (D:4)
  3 lemures (D:4)
  A phantom (D:6)
  A bullfrog (D:7)
  A kobold brigand (D:6)
  A gnoll sergeant (D:5)
  A scorpion (D:5)
  3 water moccasin skeletons
  A wight (D:6)
  A bullfrog zombie (D:7)
  2 hounds
  3 orc priests
  A jelly (D:5)
  A bullfrog skeleton (D:6)
  3 iguanas
  Natasha (thrice) (D:2)
  An orc wizard (D:6)
  A hound zombie (D:5)
  6 gnolls
  A howler monkey skeleton (D:7)
  5 adders
  A shadow imp (D:6)
  2 worms
  2 dart slugs
  9 orcs
  5 ball pythons
  11 endoplasms
  2 giant cockroaches
  7 goblins
  12 hobgoblins
  5 jackals
  4 kobolds
  3 quokkas
  9 bats
  6 frilled lizards
  11 rats
139 creatures vanquished.

Vanquished Creatures (others)
  A fungus (D:4)
  2 plants (D:4)
3 creatures vanquished.

Grand Total: 142 creatures vanquished

Notes
Turn   | Place    | Note
-------+----------+-------------------------------------------
     0 | D:1      | barkas the Naga Arcane Marksman began the quest for the
                  | Orb.
     0 | D:1      | Reached XP level 1. HP: 18/18 MP: 2/2
   148 | D:1      | Reached XP level 2. HP: 22/25 MP: 3/3
   206 | D:1      | Reached skill level 1 in Stealth
   515 | D:1      | Reached XP level 3. HP: 31/31 MP: 4/4
   533 | D:1      | Learned a level 2 spell: Slow
   819 | D:1      | Reached skill level 2 in Stealth
   916 | D:1      | Found a faded altar of an unknown god.
  1233 | D:2      | Noticed Natasha
  1238 | D:2      | Killed Natasha
  1239 | D:2      | Reached XP level 4. HP: 39/39 MP: 5/5
  1279 | D:2      | Noticed Natasha
  1289 | D:2      | Killed Natasha
  1290 | D:2      | Reached skill level 3 in Stealth
  1414 | D:2      | Noticed Natasha
  1428 | D:2      | Killed Natasha
  1429 | D:2      | Reached XP level 5. HP: 30/45 MP: 3/6
  3138 | D:4      | Found a blossoming altar of Fedhas.
  3138 | D:4      | Noticed an ogre
  3145 | D:4      | Killed an ogre
  3146 | D:4      | Reached skill level 4 in Stealth
  3146 | D:4      | Reached XP level 6. HP: 51/55 MP: 4/7
  3166 | D:4      | Found a stormy altar of Qazlal.
  3173 | D:4      | Became a worshipper of Fedhas Madash
  3864 | D:4      | Reached XP level 7. HP: 56/62 MP: 8/8
  3869 | D:4      | Learned a level 4 spell: Cause Fear
  4064 | D:4      | Noticed Pikel
  4785 | D:4      | Killed Pikel
  4786 | D:4      | Reached skill level 5 in Bows
  4786 | D:4      | Reached skill level 5 in Stealth
  4786 | D:4      | Reached skill level 5 in Hexes
  4786 | D:4      | Reached XP level 8. HP: 23/72 MP: 7/9
  5071 | D:4      | Found a stormy altar of Qazlal.
  5073 | D:4      | Found a blossoming altar of Fedhas.
  5605 | D:5      | Entered Level 5 of the Dungeon
  5730 | D:5      | Reached skill level 6 in Stealth
  6178 | D:5      | Found a bloodstained altar of Trog.
  6288 | D:5      | Found a staircase to the Ecumenical Temple.
  7083 | D:6      | Reached skill level 1 in Invocations
  7249 | D:6      | Reached * piety under Fedhas
  7439 | D:6      | Reached skill level 7 in Stealth
  7463 | D:6      | Found a large runed translucent door.
  7464 | D:6      | Found a large runed translucent door.
  7735 | D:6      | Reached XP level 9. HP: 68/79 MP: 5/10
  8150 | D:6      | Found a shimmering blue altar of Sif Muna.
  9941 | D:7      | Noticed an unseen horror
  9944 | D:7      | Noticed a brown ugly thing
  9979 | D:7      | Killed a brown ugly thing
  9980 | D:7      | Reached skill level 5 in Fighting
  9980 | D:7      | Reached skill level 8 in Stealth
  9981 | D:7      | HP: 3/81 [centaur skeleton (5)]
  9982 | D:7      | Slain by a centaur skeleton

Illustrated notes

Levels and vault maps discovered:
D:1:      wander_arrival_desolate, layout_basic,
          hellmonk_ecumenical_altar_slurped_away, minmay_bisected
D:2:      layout_rooms, uniq_natasha
D:3:      minmay_bubble_buster, layout_loops_ring
D:4:      layout_loops_corners, grunt_temple_overflow_forces_of_nature,
          grunt_decor_junction, amcnicky_mini_pool_small,
          chequers_serial_rivers_micro_b, uniq_pikel
D:5:      layout_rooms, lemuel_crystal_altar, minmay_temple_entry_glass
D:6:      layout_loops_ring, lemuel_round_altar, jmf_multi_god_temple2
D:7:      nzn_winding_woodlands_stair_cross
          [nzn_winding_woodlands_5x15_sawtooth,
          nzn_winding_woodlands_center_lodge,
          nzn_winding_woodlands_5x15_concentric,
          nzn_winding_woodlands_5x5_checkerboard,
          nzn_winding_woodlands_5x5_default, nzn_winding_woodlands_5x15_parted,
          nzn_winding_woodlands_center_triple_pond,
          nzn_winding_woodlands_5x15_default], layout_loops_ring,
          lemuel_tele_altar, eino_curves_03

Skill      XL: |  1  2  3  4  5  6  7  8  9 |
---------------+----------------------------+-----
Bows           | 2 3 4 5 6 7 |  7.1
Stealth        | 1 2 3 4 5 7 8 |  8.2
Fighting       | 2 3 4 5 |  5.2
Hexes          | 4 5 6 7 |  7.0
Invocations    | 1 3 |  3.3
Dodging        | |  1.5
Spellcasting   | |  1.0

Action                   |  1- 3 |  4- 6 |  7- 9 || total
-------------------------+-------+-------+-------++-------
Melee: Unarmed           |       |     7 |       ||     7
       Whip              |       |    32 |       ||    32
       Short sword       |       |    26 |   157 ||   183
       Hand axe          |       |       |    31 ||    31
 Fire: Shortbow          |    99 |    97 |   149 ||   345
Throw: Dart              |       |       |     4 ||     4
 Cast: Slow              |       |    12 |    47 ||    59
       Corona            |       |       |     4 ||     4
       Cause Fear        |       |       |     1 ||     1
 Abil: Spit Poison       |    25 |    28 |    35 ||    88
Evoke: Wand              |       |       |    10 ||    10
  Use: Scroll            |       |     5 |     5 ||    10
       Potion            |       |       |     3 ||     3
 Stab: Sleeping          |       |     1 |       ||     1
Armor: Robe              |     5 |    29 |    70 ||   104
Dodge: Dodged            |    21 |    65 |   114 ||   200

Table legend: (Time is in decaauts)
 A = Elapsed time spent in this place.
 B = Non-inter-level travel time spent in this place.
 C = Inter-level travel time spent in this place.
 D = Time resting spent in this place.
 E = Time spent auto-exploring this place.
 F = Levels seen in this place.
 G = Mean time per level.
                   A        B        C        D        E       F      G
               +--------+--------+--------+--------+--------+-----+--------+
         Total |  11963 |  11560 |    403 |   2043 |   7883 |   7 | 1709.0 |
       Dungeon |  11963 |  11560 |    403 |   2043 |   7883 |   7 | 1709.0 |
               +--------+--------+--------+--------+--------+-----+--------+

Top non-repeatable levels by time:
     D:4: 3532 daAuts
     D:6: 2558 daAuts
     D:3: 1730 daAuts
     D:1: 1383 daAuts
     D:5: 1217 daAuts
     D:7: 833 daAuts
     D:2: 709 daAuts
